 Dungeon Crawl Stone Soup version 0.22-a0-412-g2b68d144a4 (webtiles) character file.

142366 Kriby the Brawler (level 16, 0/165 HPs)
             Began as a Troll Monk on May 12, 2018.
             Slain by Jorgrun
             ... wielding a +0 quarterstaff of crushing
              (1 damage)
             ... on level 2 of the Spider Nest.
             The game lasted 00:37:07 (23703 turns).

Kriby the Brawler (Troll Monk)                     Turns: 23703, Time: 00:37:07

Health: 0/165      AC: 18    Str: 35    XL:     16   Next: 80%
Magic:  15/15      EV:  1    Int:  6    God:
Gold:   1619       SH:  0    Dex: 12    Spells: 11/15 levels left

rFire    + + +     SeeInvis .     - Unarmed
rCold    x . .     Gourm    +   z - +10 large shield of Ignorance {rN+ Int-4}
rNeg     + + +     Faith    .   H - +0 fire dragon scales of Dobbea {rF++ rC- Str+7 Int+2}
rPois    ∞         Spirit   .   Q - +2 hat
rElec    .         Reflect  .   O - +1 cloak of Defiance {rF+ Int+2}
rCorr    .         Harm     .   (gloves unavailable)
MR       +....                  (boots unavailable)
Stlth    ..........             (no amulet)
HPRegen  0.77/turn              s - ring of poison resistance
MPRegen  0.14/turn              u - +5 ring of evasion

@: confused, lethally poisoned (0 -> 0), petrified, very slightly contaminated,
held, studying Poison Magic
A: large, unfitting armour, claws 3, talons 1, icy blue scales 1, large bone
plates 1, fast metabolism 3, gourmand, regeneration 1, shaggy fur 2, tough skin
2, MP-powered wands
a: no special abilities


You were on level 2 of the Spider Nest.
You were completely stuffed.

You visited 5 branches of the dungeon, and saw 26 of its levels.
You also visited: Labyrinth and Volcano.

You collected 2600 gold pieces.
You spent 981 gold pieces at shops.

Inventory:

Missiles
 q - 14 large rocks (quivered)
Armour
 o - a +0 shield of reflection
 z - the +10 large shield of Ignorance (worn) {rN+ Int-4}
   (You found it in a labyrinth)

   It affects your intelligence (-4).
   It protects you from negative energy.
 H - the +0 fire dragon scales of Dobbea (worn) {rF++ rC- Str+7 Int+2}
   (You found it on level 8 of the Dungeon)

   It affects your strength (+7).
   It affects your intelligence (+2).
   It greatly protects you from fire.
   It makes you vulnerable to cold.
 O - the +1 cloak of Defiance (worn) {rF+ Int+2}
   (You found it on level 11 of the Dungeon)

   It affects your intelligence (+2).
   It protects you from fire.
 Q - a +2 hat (worn)
 V - +2 ice dragon scales
Jewellery
 g - an uncursed ring of flight
 p - an uncursed ring of protection from fire
 s - a ring of poison resistance (left claw)
 t - an uncursed ring of resist corrosion
 u - a +5 ring of evasion (right claw)
 U - an uncursed ring of protection from magic
 X - an uncursed ring of protection from cold
Wands
 G - a wand of flame (65)
 J - a wand of scattershot (5)
 R - a wand of acid (10)
 Z - a wand of paralysis (14)
Scrolls
 c - 11 scrolls of remove curse
 f - 4 scrolls of amnesia
 j - 6 scrolls of enchant weapon
 k - 15 scrolls of teleportation
 l - 5 scrolls of enchant armour
 r - a scroll of blinking
 w - a scroll of holy word
 y - 14 scrolls of identify
 B - 3 scrolls of fog
 I - 3 scrolls of fear
 S - a scroll of immolation
 Y - a scroll of magic mapping
Potions
 a - 12 potions of curing
 d - 3 potions of agility
 e - 6 potions of flight
 h - 2 potions of lignification
 i - 5 potions of brilliance
 m - 5 potions of mutation
 n - 3 potions of cancellation
 v - 3 potions of berserk rage
 x - a potion of ambrosia
 D - 4 potions of might
 E - a potion of invisibility
 F - a potion of magic
 L - 6 potions of heal wounds
 T - a potion of resistance
 W - 3 potions of haste
Books
 A - a manual of Poison Magic
Miscellaneous
 C - a sack of spiders
 K - a phial of floods
 N - 3 boxes of beasts
 P - a lamp of fire
Comestibles
 b - 42 rations


   Skills:
 + Level 12.1 Fighting
 + Level 12.2 Dodging
 - Level 1.0 Stealth
 * Level 11.0 Shields
 * Level 18.9 Unarmed Combat


You had 11 spell levels left.
You knew the following spells:

 Your Spells              Type           Power        Failure   Level  Hunger
a - Olgreb's Toxic Radia  Pois           #.......     100%        4    #####..

Your spell library contained the following spells:

 Spells                   Type           Power        Failure   Level  Hunger
 Cause Fear               Hex            #.........   100%        4    #####..
 Apportation              Tloc           #.....       95%         1    ##.....
 Lightning Bolt           Conj/Air       #.........   100%        5    ######.
 Bolt of Magma            Conj/Fire/Erth #.........   100%        5    ######.
 Confuse                  Hex            #.......     100%        3    ####...
 Throw Frost              Conj/Ice       #.....       99%         2    ###....
 Mephitic Cloud           Conj/Pois/Air  #.......     100%        3    ####...
 Venom Bolt               Conj/Pois      #.........   100%        5    ######.
 Summon Small Mammal      Summ           #...         95%         1    ##.....
 Animate Skeleton         Necr           N/A          95%         1    ##.....
 Freeze                   Ice            #...         95%         1    ##.....
 Summon Ice Beast         Ice/Summ       #.......     100%        4    #####..
 Ozocubu's Armour         Chrm/Ice       #.......     100%        3    ####...
 Sting                    Conj/Pois      #...         95%         1    ##.....
 Iron Shot                Conj/Erth      #.........   100%        6    #######
 Shock                    Conj/Air       #...         95%         1    ##.....
 Swiftness                Chrm/Air       #.......     99%         2    ###....
 Statue Form              Tmut/Erth      #........    100%        6    #######
 Dragon Form              Tmut           #.........   100%        7    #######
 Deflect Missiles         Chrm/Air       #.........   100%        6    #######
 Throw Icicle             Conj/Ice       #.......     100%        4    #####..
 Airstrike                Air            #.........   100%        4    #####..
 Confusing Touch          Hex            #.....       95%         1    ##.....
 Metabolic Englaciation   Hex/Ice        #.........   100%        5    ######.
 Silence                  Hex/Air        #.........   100%        5    ######.
 Static Discharge         Conj/Air       #.......     100%        3    ####...
 Petrify                  Tmut/Erth      #.......     100%        4    #####..
 Orb of Destruction       Conj           #.........   100%        7    #######
 Iskenderun's Battlesphe  Conj/Chrm      #.......     100%        5    ######.
 Discord                  Hex            #.........   100%        8    #######
 Spellforged Servitor     Conj/Summ      #.........   100%        7    #######
 Hydra Form               Tmut           #.........   100%        6    #######
 Irradiate                Conj/Tmut      #.........   100%        5    ######.
 Gell's Gravitas          Tloc           #.........   100%        3    ####...
 Yara's Violent Unravell  Hex/Tmut       #.........   100%        5    ######.
 Poisonous Vapours        Pois/Air       #.....       99%         2    ###....


Dungeon Overview and Level Annotations

Branches:
Dungeon (15/15)            Temple (1/1) D:5            Lair (6/6) D:8
 Shoals (0/4) Lair:3       Spider (2/4) Lair:2        Slime (0/5) Lair:5
    Orc (2/2) D:10            Elf (0/3) Orc:2        Vaults (0/5) D:14
 Depths (0/5) D:15

Altars:
Ashenzari
Cheibriados
Dithmenos
Elyvilon
Fedhas
Gozag
Hepliaklqana
Kikubaaqudgha
Makhleb
Nemelex Xobeh
Okawaru
Qazlal
Ru
Sif Muna
Trog
Uskayaw
Vehumet
Wu Jian
Xom
Yredelemnul
Zin
The Shining One
Beogh

Shops:
D:4 *   D:8 %   D:14 *   Orc:2 ?(!

Annotations:
D:11 exclusion: obsidian statue
Spider:2 Jorgrun


Innate Abilities, Weirdness & Mutations

You are too large for most types of armour.
You have claws for hands.
Your metabolism is lightning-fast.
You like to eat raw meat.
Your natural rate of healing is unusually fast.
You are covered in thick fur. (AC +2)
You have very tough skin. (AC +2)
You have sharp toenails.
You are partially covered in icy blue scales. (AC +2)
You are partially covered in large bone plates. (SH +4)
You expend magic power (3 MP) to strengthen your wands.


Message History

The tarantella bites you but does no damage.
The vampire mosquito bites you.
Jorgrun points at you and mumbles some strange words.
The redback bites you!
* * * LOW HITPOINT WARNING * * *
The jumping spider pounces on you.
* * * LOW HITPOINT WARNING * * *
The jumping spider bites you.
* * * LOW HITPOINT WARNING * * *
The vampire mosquito bites you but does no damage.
The tarantella bites you but does no damage.
The redback bites you but does no damage.
The jumping spider leaps!
The jumping spider pounces on you but does no damage.
The jumping spider bites you but does no damage.
The vampire mosquito bites you!
* * * LOW HITPOINT WARNING * * *
Jorgrun hits you with a quarterstaff of crushing!
* * * LOW HITPOINT WARNING * * *
You die...

#.###.....# #........###
..##......####^...s.....#
............#......†...^#
..#............)....†...# .
.#......<.........†s.§..# ..
................s.s....## ...
..............#..^.....# ....
#..........##.#ssy.s..§## .....
##.......#### ##@s....#.#......
.##...##.###....#g...§#†.......
###.#####.......###.##.##......
##. ........#####.#####....
##.............##.....## ...
#......................## .#
##..............##........# #
#...............#...>......#
##...............#...........


You could see Jorgrun, 2 orb spiders, 4 jumping spiders, a tarantella, a vampire
mosquito and a redback.

Vanquished Creatures
  Arachne (Spider:2)
  Gastronok (Lair:2)
  The ghost of Kriby the Brawler, an adept TrMo (Lair:5)
  Donald (Spider:1)
  2 emperor scorpions
  2 orc warlords (Orc:2)
  A stone giant (Volcano)
  Nessos (D:14)
  A minotaur (Lab)
  6 dire elephants
  An ettin (Orc:2)
  Snorg (D:10)
  Fannar (D:10)
  A rakshasa (D:15)
  11 hydras
  2 death knights
  13 two-headed ogres
  4 centaur warriors
  An anaconda (Lair:6)
  An ogre mage (D:14)
  3 orc high priests (Orc:2)
  6 death yaks (Lair:6)
  2 tengu warriors
  Urug (D:14)
  A deep elf knight (D:11)
  Sonja (D:10)
  A fire crab (shapeshifter) (D:10)
  15 slime creatures
  An unseen horror (D:10)
  A lindwurm (Lair:5)
  The ghost of htuhola the Carver, a novice MiFi of Okawaru (D:7)
  12 wolf spiders
  Pikel (D:5)
  7 oklob plants
  6 orc knights
  8 orc sorcerers
  2 cyclopes
  4 ugly things
  3 deep elf magi
  An orb spider (Spider:1)
  A manticore (D:10)
  A merfolk siren (Lair:3)
  Psyche (D:8)
  5 black mambas
  26 elephants
  A naga mage (D:14)
  A guardian serpent (shapeshifter) (D:12)
  3 gargoyles
  A molten gargoyle (Volcano)
  11 spiny frogs
  A yaktaur (D:15)
  4 rime drakes
  5 demonic crawlers
  5 kobold demonologists
  4 efreet
  4 komodo dragons
  3 freezing wraiths (D:15)
  7 polar bears
  7 trolls
  4 jumping spiders
  2 tengu conjurers
  Prince Ribbit (D:8)
  2 merfolk
  25 blink frogs
  3 hornets
  A hippogriff (shapeshifter) (D:15)
  10 hippogriffs
  A dream sheep (Lair:5)
  17 redbacks
  2 shadows
  4 tarantellas
  The ghost of Kriby the Ruffian, an amateur TrMo (D:4)
  A vampire (D:14)
  4 wyverns
  2 wraiths (D:15)
  20 yaks
  A fire elemental (Volcano)
  14 humans (D:14)
  3 basilisks
  7 fire bats (Volcano)
  4 vampire mosquitoes
  3 hungry ghosts
  Edmund (D:4)
  2 wargs (Orc:2)
  12 water moccasins
  9 porcupines
  52 orc warriors
  A hornet zombie (D:10)
  3 necrophages
  3 ice beasts
  6 sky beasts
  9 black bears
  2 slaves (D:5)
  An eye of draining (shapeshifter) (D:13)
  4 phantoms
  20 ogres
  5 wolves (Lair:3)
  11 centaurs
  12 crocodiles
  3 big kobolds
  17 bullfrogs
  2 earth elementals (Volcano)
  A wyvern zombie (D:9)
  A water moccasin zombie (D:10)
  A water moccasin skeleton (D:11)
  6 scorpions
  7 killer bees
  A howler monkey (D:4)
  12 wights
  6 lava snakes (Volcano)
  3 electric eels
  9 crimson imps
  3 bullfrog zombies
  3 centaur zombies
  2 quasits
  2 jellies
  38 orc priests
  6 hounds
  21 orc wizards
  2 centaur skeletons
  5 bullfrog skeletons
  13 worker ants
  Ijyb (D:4)
  5 iguanas
  A hound zombie (D:5)
  Robin (D:2)
  3 worker ant zombies
  16 adders
  3 shadow imps
  2 oozes
  2 adder zombies (D:9)
  3 adder skeletons
  4 worms
  9 dart slugs
  5 leopard geckos
  114 orcs
  6 ball pythons
  3 giant cockroaches
  11 hobgoblins
  9 jackals
  3 quokkas
  7 bats
  3 frilled lizards
  14 goblins
  18 kobolds
  A leopard gecko skeleton (D:8)
  A quokka skeleton (D:5)
  6 rats
  A bush (Lair:6)
  3 plants (Lair:6)
925 creatures vanquished.

Vanquished Creatures (collateral kills)
  A steam dragon (D:15)
  2 orc warriors (Orc:1)
  7 orcs (Orc:1)
10 creatures vanquished.

Vanquished Creatures (others)
  2 humans (D:14)
  2 centaurs (D:14)
  A scorpion (D:5)
  An orc (D:5)
  A quokka (D:14)
  A bush (Lair:6)
  10 fungi (Lair:6)
  11 plants
29 creatures vanquished.

Grand Total: 964 creatures vanquished

Notes
Turn   | Place    | Note
-------+----------+-------------------------------------------
     0 | D:1      | Kriby the Troll Monk began the quest for the Orb.
     0 | D:1      | Reached XP level 1. HP: 22/22 MP: 0/0
   169 | D:1      | Reached XP level 2. HP: 29/29 MP: 1/1
   291 | D:1      | Reached XP level 3. HP: 36/36 MP: 2/2
   660 | D:2      | You fall through a shaft!
   747 | D:2      | Noticed Robin
   756 | D:2      | Reached skill level 4 in Unarmed Combat
   776 | D:2      | Killed Robin
   776 | D:2      | Reached XP level 4. HP: 44/44 MP: 3/3
  1535 | D:2      | Reached XP level 5. HP: 18/53 MP: 4/4
  1985 | D:3      | Found a glowing golden altar of the Shining One.
  1989 | D:3      | Found a glowing silver altar of Zin.
  2070 | D:3      | Reached skill level 5 in Unarmed Combat
  2269 | D:3      | Found a deep blue altar of Sif Muna.
  2270 | D:3      | Found a basalt altar of Yredelemnul.
  2516 | D:4      | Found Oqutsu's Assorted Antiques.
  2521 | D:4      | Bought a smoky green potion for 19 gold pieces
  2521 | D:4      | Bought a scroll of identify for 44 gold pieces
  2521 | D:4      | Bought a scroll labeled DIHIXK HANLUUPP for 22 gold pieces
  2521 | D:4      | Bought a scroll labeled FIKHLY ONUDU for 22 gold pieces
  2521 | D:4      | Bought a scroll labeled TENATE LOIVU for 22 gold pieces
  2527 | D:4      | Noticed Ijyb
  2537 | D:4      | Killed Ijyb
  2618 | D:4      | Noticed Edmund
  2624 | D:4      | Reached XP level 6. HP: 40/61 MP: 5/5
  2636 | D:4      | Gained mutation: You are agile. (Dex +2) [potion of mutation]
  2636 | D:4      | Gained mutation: You have sharp toenails. [potion of mutation]
  2636 | D:4      | Gained mutation: You are covered in thick fur. (AC +2) [potion of mutation]
  2646 | D:4      | HP: 3/62 [Edmund/flail of crushing (1)]
  2659 | D:4      | HP: 2/62 [Edmund/flail of crushing (3)]
  2661 | D:4      | Killed Edmund
  2661 | D:4      | Reached skill level 6 in Unarmed Combat
  2661 | D:4      | Reached XP level 7. HP: 3/68 MP: 6/6
  2884 | D:4      | Noticed Kriby's ghost (amateur TrMo)
  2900 | D:4      | Killed Kriby's ghost
  3211 | D:4      | Found a hazy altar of Hepliaklqana.
  3413 | D:5      | Entered Level 5 of the Dungeon
  3452 | D:5      | Lost mutation: You are agile. (Dex +2) [potion of mutation]
  3452 | D:5      | Gained mutation: You are partially covered in large bone plates. (SH +4) [potion of mutation]
  3452 | D:5      | Gained mutation: You expend magic power (3 MP) to strengthen your wands. [potion of mutation]
  3452 | D:5      | Gained mutation: You are partially covered in icy blue scales. (AC +2) [potion of mutation]
  3457 | D:5      | Reached skill level 7 in Unarmed Combat
  3486 | D:5      | Noticed Pikel
  3522 | D:5      | Killed Pikel
  3522 | D:5      | Reached skill level 8 in Unarmed Combat
  3522 | D:5      | Reached XP level 8. HP: 63/79 MP: 7/7
  3574 | D:5      | Reached skill level 5 in Fighting
  3574 | D:5      | Reached skill level 5 in Dodging
  3916 | D:5      | Found a staircase to the Ecumenical Temple.
  3979 | Temple   | Entered the Ecumenical Temple
  4391 | D:6      | Reached XP level 9. HP: 81/88 MP: 8/8
  4402 | D:6      | Reached skill level 9 in Unarmed Combat
  5303 | D:7      | Reached skill level 10 in Unarmed Combat
  5421 | D:7      | Found a shimmering altar of Xom.
  5556 | D:7      | Noticed htuhola's ghost (novice MiFi)
  5570 | D:7      | Killed htuhola's ghost
  5697 | D:7      | Reached XP level 10. HP: 100/100 MP: 9/9
  6090 | D:8      | Noticed Psyche
  6097 | D:8      | Killed Psyche
  6130 | D:8      | Found a snail-covered altar of Cheibriados.
  6133 | D:8      | Reached skill level 11 in Unarmed Combat
  6213 | D:8      | Found Wupsisush's Food Boutique.
  6328 | D:8      | Noticed Prince Ribbit
  6333 | D:8      | Killed Prince Ribbit
  6588 | D:8      | Found a staircase to the Lair.
  6617 | D:8      | Got scorched fire dragon scales
  6742 | D:7      | Identified the cursed +0 fire dragon scales of Dobbea {rF++ rC- Str+7 Int+2} (You found it on level 8 of the Dungeon)
  7001 | D:9      | Noticed a two-headed ogre
  7008 | D:9      | Killed a two-headed ogre
  7227 | D:9      | Reached skill level 12 in Unarmed Combat
  7253 | D:9      | Found an ornate altar of the Wu Jian Council.
  7702 | D:9      | Found a deep blue altar of Sif Muna.
  7853 | D:10     | Entered Level 10 of the Dungeon
  7874 | D:10     | Reached XP level 11. HP: 108/108 MP: 10/10
  8011 | D:10     | Noticed a death knight
  8022 | D:10     | Killed a death knight
  8091 | D:10     | Noticed a six-headed hydra
  8326 | D:10     | Noticed Fannar
  8333 | D:10     | Killed Fannar
  8484 | D:10     | Found a staircase to the Orcish Mines.
  8544 | D:10     | Noticed a tengu warrior
  8556 | D:10     | Killed a tengu warrior
  8633 | D:10     | Killed an unseen horror
  8636 | D:10     | Noticed Sonja
  8649 | D:10     | Killed Sonja
  8649 | D:10     | Reached skill level 13 in Unarmed Combat
  8738 | D:10     | Noticed a two-headed ogre
  8744 | D:10     | Killed a two-headed ogre
  8799 | D:10     | Noticed Snorg
  8811 | D:10     | Killed Snorg
  9246 | D:10     | Noticed a fire crab
  9248 | D:10     | Killed a fire crab
  9346 | D:10     | Noticed an eight-headed hydra
  9451 | D:10     | Reached XP level 12. HP: 60/121 MP: 5/11
  9644 | D:10     | Killed a seven-headed hydra
  9756 | D:10     | Killed an eight-headed hydra
  9873 | D:11     | Reached skill level 14 in Unarmed Combat
 10646 | D:11     | Noticed a centaur warrior
 10661 | D:11     | Killed a centaur warrior
 10860 | D:11     | Noticed a centaur warrior
 10861 | D:11     | Found an iron altar of Okawaru.
 10872 | D:11     | Killed a centaur warrior
 10897 | D:11     | Found the +5 pair of quick blades "Gyre" and "Gimble" {pierce, Dex-3}
 10957 | D:11     | Got a smoking cloak
 10958 | D:11     | Identified the +1 cloak of Defiance {rF+ Int+2} (You found it on level 11 of the Dungeon)
 11215 | Lair:1   | Entered Level 1 of the Lair of Beasts
 11218 | Lair:1   | Noticed a six-headed hydra
 11224 | Lair:1   | Killed a six-headed hydra
 11561 | Lair:1   | Reached skill level 15 in Unarmed Combat
 12136 | Lair:2   | Reached skill level 1 in Shields
 12136 | Lair:2   | Reached XP level 13. HP: 114/132 MP: 12/12
 12144 | Lair:2   | Noticed Gastronok
 12200 | Lair:2   | Killed Gastronok
 12562 | Lair:2   | Found a dark tunnel.
 12568 | Volcano  | Entered a volcano
 12774 | Volcano  | Noticed a stone giant
 12796 | Volcano  | Killed a stone giant
 12796 | Volcano  | Reached skill level 10 in Fighting
 12796 | Volcano  | Reached skill level 10 in Dodging
 12821 | Volcano  | Found a radiant altar of Vehumet.
 13150 | Lair:2   | Found a hole to the Spider Nest.
 14079 | Lair:3   | Found a staircase to the Shoals.
 14425 | Lair:3   | Reached skill level 16 in Unarmed Combat
 14541 | Lair:4   | Reached skill level 5 in Shields
 14620 | Lair:4   | Identified the +3 robe "Plog" {rElec rC- rN+ Int+3} (You found it on level 4 of the Lair of Beasts)
 15024 | Lair:5   | Reached XP level 14. HP: 90/143 MP: 13/13
 15332 | Lair:5   | Noticed Kriby's ghost (adept TrMo)
 15351 | Lair:5   | Killed Kriby's ghost
 15685 | Lair:5   | Found a staircase to the Slime Pits.
 16003 | Lair:6   | Entered Level 6 of the Lair of Beasts
 16090 | Lair:6   | Found a labyrinth entrance.
 16176 | Lab      | Entered a labyrinth
 16339 | Lab      | Found the +10 large shield of Ignorance {rN+ Int-4}
 16907 | Lair:6   | Reached skill level 17 in Unarmed Combat
 17289 | Lair:6   | Found a shimmering altar of Xom.
 17652 | Lair:6   | Reached XP level 15. HP: 140/152 MP: 14/14
 17672 | Lair:6   | Learned a level 4 spell: Olgreb's Toxic Radiance
 18159 | D:12     | Found the +5 scythe "Finisher" {speed, Str+3}
 19169 | D:14     | Found a gate to the Vaults.
 19169 | D:14     | Noticed Urug
 19169 | D:14     | Noticed Nessos
 19191 | D:14     | Killed Urug
 19221 | D:14     | Killed Nessos
 19364 | D:14     | Found a white marble altar of Elyvilon.
 19486 | D:14     | Found Kociokog's Serpentskin Sales.
 19862 | D:14     | Found a flagged portal.
 20180 | D:15     | Entered Level 15 of the Dungeon
 20286 | D:15     | Reached skill level 18 in Unarmed Combat
 20462 | D:15     | Found a staircase to the Depths.
 20543 | D:15     | Reached XP level 16. HP: 103/165 MP: 3/15
 21000 | Orc:1    | Entered Level 1 of the Orcish Mines
 21091 | Orc:1    | Reached skill level 10 in Shields
 21492 | Orc:2    | Entered Level 2 of the Orcish Mines
 21779 | Orc:2    | Found Onkitido's Weapon Boutique.
 21794 | Orc:2    | Found a roughly hewn altar of Beogh.
 21911 | Orc:2    | Found Wihuizan's Distillery.
 21923 | Orc:2    | Bought a potion of curing for 36 gold pieces
 21923 | Orc:2    | Bought a potion of heal wounds for 60 gold pieces
 21923 | Orc:2    | Bought a potion of might for 48 gold pieces
 21923 | Orc:2    | Bought a potion of curing for 36 gold pieces
 21923 | Orc:2    | Bought a potion of curing for 36 gold pieces
 21923 | Orc:2    | Bought a potion of heal wounds for 60 gold pieces
 21923 | Orc:2    | Bought a potion of haste for 120 gold pieces
 21923 | Orc:2    | Bought a potion of ambrosia for 96 gold pieces
 21923 | Orc:2    | Bought a potion of invisibility for 96 gold pieces
 22231 | Orc:2    | Found Vowaosem's Magic Scroll Boutique.
 22249 | Orc:2    | Bought a scroll of fog for 24 gold pieces
 22249 | Orc:2    | Bought 2 scrolls of teleportation for 72 gold pieces
 22249 | Orc:2    | Bought a scroll of blinking for 90 gold pieces
 22249 | Orc:2    | Bought a scroll of teleportation for 36 gold pieces
 22249 | Orc:2    | Bought a scroll of immolation for 42 gold pieces
 22260 | Orc:2    | Found a roughly hewn altar of Beogh.
 22639 | Orc:2    | Found a staircase to the Elven Halls.
 22702 | Orc:2    | Paralysed by an orc sorcerer for 2 turns
 22886 | Spider:1 | Entered Level 1 of the Spider Nest
 23165 | Spider:1 | Noticed Donald
 23173 | Spider:1 | Killed Donald
 23561 | Spider:2 | Noticed Arachne
 23590 | Spider:2 | Killed Arachne
 23685 | Spider:2 | Noticed Jorgrun
 23703 | Spider:2 | HP: 8/165 [vampire mosquito (4)]
 23703 | Spider:2 | HP: 1/165 [Jorgrun/quarterstaff of crushing (7)]
 23703 | Spider:2 | Slain by Jorgrun

Vault maps used:
D:1:      mrwooster_arrival_arrow
D:2:      cheibrodos_pilgrimage, patterned_corridor, uniq_robin
D:3:      nicolae_overflow_hidden_temple, minmay_misc_feat_rugged,
          grunt_ministairs_2
D:4:      kennysheep_slugbush, lemuel_round_altar, serial_shops,
          nicolae_shop_crystal, grunt_ministairs_15, uniq_edmund, uniq_ijyb
D:5:      minmay_temple_entry_overgrown, first_ration, guppyfry_early_orc_mine,
          uniq_pikel
D:6:      serial_curves, eino_curves_02, eino_curves_04, eino_curves_03
D:7:      grunt_decor_cap, lemuel_statue_altar
D:8:      lemuel_crystal_altar, lair_entry_dummy, serial_shops,
          kennysheep_little_box, uniq_psyche, uniq_prince_ribbit1
D:9:      lemuel_doored_altar, basic_altar
D:10:     minmay_the_grid_square_5x5_4x4, orc_0_dummy, grunt_tengu_nest,
          uniq_fannar, uniq_sonja, uniq_snorg
D:11:     evilmike_iron_armoury, minivault_16, uniq_nergalle
D:13:     serial_glass, glass_columns_a, glass_columns_b
D:14:     kennysheep_blocky_room, david_vaults_3, enter_bailey_2,
          elyvilon_altar_4, grunt_ministairs_14, guppyfry_shop_venom
D:15:     hangedman_depths_entry_try_elsewhere_first, grunt_decor_resistance
Temple:   regret_index_temple_generic_petals
Lair:1:   beast_lair_carwin_large_1
Lair:2:   spider_nest_entry_funnel_web, enter_volcano_1, grunt_megastairs_4,
          lemuel_fruit_tree, uniq_gastronok
Lair:3:   elwin_shoals_entry_rooms, grunt_megastairs_5, serial_bayou_shore_a
Lair:5:   slime_dummy, serial_bayou_pond_a, minmay_lair_oklob_chamber,
          grunt_megastairs_2
Lair:6:   due_jungle_book, basic_altar, lab_entry_generic, disabler_island
Spider:1: uniq_donald
Spider:2: einodemon_crawler_minivault, uniq_arachne, uniq_jorgrun
Orc:2:    pubby_orc_utopia, serial_shops
Lab:      labyrinth_watery, nicolae_lab_grate_2
Volcano:  volcano_grotto

Skill      XL: |  1  2  3  4  5  6  7  8  9 10 11 12 13 14 15 16 |
---------------+-------------------------------------------------+-----
Unarmed Combat | 4 5 6 8 10 12 13 15 16 17 18 | 18.9
Dodging        | 3 4 5 6 7 8 9 10 11 12 | 12.2
Fighting       | 3 4 5 6 7 8 9 10 11 12 | 12.1
Shields        | 1 5 7 9 11 | 11.0
Stealth        | |  1.0

Action                   |  1- 3 |  4- 6 |  7- 9 | 10-12 | 13-15 | 16-18 || total
-------------------------+-------+-------+-------+-------+-------+-------++-------
Melee: Unarmed           |   129 |   163 |   270 |   453 |  1067 |   512 ||  2594
       Punch             |       |     2 |    16 |    23 |       |       ||    41
       Kick              |       |     8 |    73 |   156 |   489 |   170 ||   896
Evoke: Wand              |       |       |       |    35 |     5 |     3 ||    43
       Phial of floods   |       |       |       |     1 |     2 |       ||     3
       Lamp of fire      |       |       |       |     1 |     2 |       ||     3
       Box of beasts     |       |       |       |     1 |       |       ||     1
  Use: Scroll            |       |     4 |       |    20 |     7 |     2 ||    33
       Potion            |       |     6 |     1 |     6 |     8 |       ||    21
 Stab: Sleeping          |     3 |     1 |     4 |       |       |       ||     8
       Distracted        |       |       |     1 |       |     1 |     1 ||     3
       Invisible         |       |       |       |     1 |     7 |       ||     8
  Eat: Chunk             |    12 |    18 |    28 |    61 |    77 |    29 ||   225
Armor: Robe              |    57 |    56 |    57 |    33 |       |       ||   203
       Skin              |       |     2 |       |       |       |       ||     2
       Fire dragon scale |       |       |       |   145 |   185 |   108 ||   438
Dodge: Dodged            |    69 |    76 |   106 |   280 |   346 |   110 ||   987
Block: Other             |       |       |    31 |    60 |       |       ||    91
       Shield            |       |       |       |    67 |   283 |       ||   350
       Large shield      |       |       |       |       |   837 |   657 ||  1494

Table legend:
 A = Spawn XP
 B = Non-spawn XP
 C = Spawn XP percentage of total XP
 D = Spawn monster count
 E = Non-spawn monster count
 F = Spawn count percentage of total count
 G = Total turns spent on level
                    A         B        C        D         E        F      G
               +---------+---------+-------+---------+---------+-------+---------
         Total |       0 |  203380 |   0.0 |       0 |     930 |   0.0 | 23703
               +---------+---------+-------+---------+---------+-------+---------
           D:1 |       0 |      45 |   0.0 |       0 |      27 |   0.0 |   566
           D:2 |       0 |     192 |   0.0 |       0 |      38 |   0.0 |  1200
           D:3 |       0 |      83 |   0.0 |       0 |      21 |   0.0 |   735
           D:4 |       0 |     857 |   0.0 |       0 |      26 |   0.0 |   912
           D:5 |       0 |    1347 |   0.0 |       0 |      23 |   0.0 |   604
           D:6 |       0 |     946 |   0.0 |       0 |      30 |   0.0 |   769
           D:7 |       0 |    2335 |   0.0 |       0 |      42 |   0.0 |  1138
           D:8 |       0 |    2526 |   0.0 |       0 |      24 |   0.0 |   771
           D:9 |       0 |    2577 |   0.0 |       0 |      30 |   0.0 |  1061
          D:10 |       0 |   13158 |   0.0 |       0 |      43 |   0.0 |  2101
          D:11 |       0 |    6925 |   0.0 |       0 |      37 |   0.0 |  1324
          D:12 |       0 |    4376 |   0.0 |       0 |      24 |   0.0 |   622
          D:13 |       0 |    7361 |   0.0 |       0 |      36 |   0.0 |   618
          D:14 |       0 |   22498 |   0.0 |       0 |      55 |   0.0 |  1023
          D:15 |       0 |   14549 |   0.0 |       0 |      41 |   0.0 |   748
        Lair:1 |       0 |    7903 |   0.0 |       0 |      30 |   0.0 |   939
        Lair:2 |       0 |    5505 |   0.0 |       0 |      15 |   0.0 |   906
        Lair:3 |       0 |    7680 |   0.0 |       0 |      33 |   0.0 |  1032
        Lair:4 |       0 |    3585 |   0.0 |       0 |      13 |   0.0 |   526
        Lair:5 |       0 |   10372 |   0.0 |       0 |      26 |   0.0 |  1091
        Lair:6 |       0 |   34335 |   0.0 |       0 |      74 |   0.0 |  1613
      Spider:1 |       0 |   13506 |   0.0 |       0 |      31 |   0.0 |   626
      Spider:2 |       0 |    8779 |   0.0 |       0 |      15 |   0.0 |   191
         Orc:1 |       0 |    4678 |   0.0 |       0 |      39 |   0.0 |   497
         Orc:2 |       0 |   20853 |   0.0 |       0 |     135 |   0.0 |  1270
           Lab |       0 |    1277 |   0.0 |       0 |       1 |   0.0 |   193
       Volcano |       0 |    5132 |   0.0 |       0 |      21 |   0.0 |   409
               +---------+---------+-------+---------+---------+-------+---------
